Flames vs Sharks

Created - Friday, February 12, 2016 at 03:41

Goals
1 2 3 T
Flames 0 0 0 0
Sharks 2 0 0 2
Shots
1 2 3 T
Flames 12 3 8 23
Sharks 12 15 9 36

1st period

1. Sharks , Tomas Fleischmann 12 (Klas Dahlbeck, Lance Bouma) at 10:56 (SH)
2. Sharks , Brian Gionta 8 (Lance Bouma, Travis Zajac) at 19:27

Penalties :
Ian Cole (SJ ) for High sticking (Minor) at 9:15, Ryan Hamilton (SJ ) for Holding (Minor) at 14:22

2nd period

No Goal

Penalties :
Nicolas Deslauriers (SJ ) for Fighting (Major) at 1:22, David Savard (Cal) for Fighting (Major) at 1:22, Michael Latta (SJ ) for High sticking (Minor) at 2:59, Kris Russell (Cal) for Holding (Minor) at 8:25, Nicolas Deslauriers (SJ ) for Hooking (Minor) at 12:38, David Savard (Cal) for Interference (Minor) at 17:52

3rd period

No Goal

Penalties :
Brian Gionta (SJ ) for Cross-checking (Minor) at 0:51, David Savard (Cal) for Goalie Interference (Minor) at 7:58, Shane Doan (Cal) for Roughing (Minor) at 15:37

Goalie Stats

James Reimer (Cal), 34 saves from 36 shots - (0.944), L, 13-4-0, 60:00 minutes
Calvin Pickard (SJ ), 23 saves from 23 shots - (1.000), W, 4-3-0, 60:00 minutes

Players Stats for Flames

Player Name              G  A  P  +/- PIM S  H  SB GA TA FO     MP     PP MP  PK MP  
------------------------------------------------------------------------------------
Brian Campbell           0  0  0   0  0   0  2  2  0  1  0/0    22:40   5:02   3:13 
Chris Kunitz             0  0  0   0  0   0  0  0  1  1  1/1    11:10   0:00   0:08 
David Savard             0  0  0   0  9   2  1  1  0  0  0/0    13:21   0:00   2:59 
Dougie Hamilton          0  0  0   0  0   1  2  0  0  1  0/0    21:47   5:02   1:50 
Erik Cole                0  0  0   0  0   1  3  1  0  0  0/0    11:05   0:00   1:02 
Henrik Sedin             0  0  0   0  0   3  0  0  0  1  8/13   15:35   0:00   4:03 
Jaden Schwartz           0  0  0   0  0   3  2  0  0  0  0/0    16:00   4:59   0:00 
Jason Pominville         0  0  0  -1  0   2  2  0  3  0  0/0    14:11   4:59   0:00 
Jason Spezza             0  0  0   0  0   1  1  0  3  0  11/13  15:26   4:59   0:00 
John Klingberg           0  0  0  -2  0   0  1  5  0  1  0/0    20:08   4:53   0:00 
Johnny Gaudreau          0  0  0  -2  0   1  0  0  3  0  0/0    14:31   4:56   0:00 
Kris Russell             0  0  0   0  2   0  1  0  0  1  0/0    16:50   0:00   3:07 
Martin St. Louis         0  0  0  -1  0   1  0  0  6  0  0/2    16:20   4:56   0:00 
Michael Frolik           0  0  0   0  0   2  0  0  1  1  0/0    13:08   0:00   3:45 
Patrik Elias             0  0  0   0  0   0  1  1  1  0  5/7    13:08   0:00   3:45 
Sean Monahan             0  0  0  -2  0   3  1  0  1  0  10/12  15:51   4:56   0:08 
Shane Doan               0  0  0   0  2   1  4  0  0  1  0/0    14:30   0:00   3:01 
TJ Brodie                0  0  0  -2  0   2  0  6  0  1  0/0    26:18   4:53   4:43 

Players Stats for Sharks

Player Name              G  A  P  +/- PIM S  H  SB GA TA FO     MP     PP MP  PK MP  
------------------------------------------------------------------------------------
Andy Andreoff            0  0  0   0  0   2  0  0  1  1  1/6    12:46   0:00   0:00 
Brendan Smith            0  0  0   1  0   1  1  0  0  0  0/0    12:35   0:00   0:00 
Brian Gionta             1  0  1   1  2   2  0  0  0  0  0/5    19:42   4:32   5:38 
Chris Tierney            0  0  0   0  0   0  0  0  3  1  6/13   15:44   3:24   0:26 
Curtis Glencross         0  0  0   0  0   2  0  1  0  0  0/0    10:26   0:00   0:48 
Ian Cole                 0  0  0   0  2   0  1  2  0  2  0/0    19:14   4:53   0:00 
Jay Harrison             0  0  0   1  0   0  0  2  1  4  0/0    19:22   0:00   5:47 
Jayson Megna             0  0  0   0  0   1  1  0  1  1  0/1    11:32   0:00   0:00 
Justin Schultz           0  0  0   0  0   5  0  3  2  1  0/0    25:41   4:53   5:47 
Klas Dahlbeck            0  1  1   1  0   5  0  1  0  3  0/0    21:44   3:03   4:08 
Lance Bouma              0  2  2   2  0   3  4  0  4  0  0/0    15:33   4:32   2:04 
Luca Sbisa               0  0  0   1  0   0  2  1  0  0  0/0    21:44   3:03   4:08 
Michael Latta            0  0  0   0  2   0  1  0  0  0  2/7    11:37   0:00   1:47 
Nicolas Deslauriers      0  0  0   0  7   0  1  0  0  0  0/1    13:31   3:24   0:00 
Richard Panik            0  0  0   0  0   2  1  1  0  1  0/0     9:12   0:00   0:00 
Ryan Hamilton            0  0  0   0  2   3  1  0  1  0  0/1    11:34   0:00   0:00 
Tomas Fleischmann        1  0  1   1  0   5  0  0  1  0  0/0    16:56   3:24   2:04 
Travis Zajac             0  1  1   1  0   5  1  1  1  0  4/14   21:06   4:32   7:03 

3 Stars

1 - Calvin Pickard (SJ )
2 - Lance Bouma (SJ )
3 - James Reimer (Cal)

Power Play

Flames - 0 on 5 Attempt(s) - 0.00%
Sharks - 0 on 4 Attempt(s) - 0.00%

Penalty Kill

Flames - 4 on 4 Attempt(s) - 100.00% - Score 0 goal in Penalty Kill
Sharks - 5 on 5 Attempt(s) - 100.00% - Score 1 goal in Penalty Kill

Team Stat

Flames - Hits : 21 - Faceoff Wins : 35 - Blocked Shots : 16 - Penalty Minutes : 13
Sharks - Hits : 14 - Faceoff Wins : 13 - Blocked Shots : 12 - Penalty Minutes : 15

Official

Referees : Unknown
Linesman : Unknown

Game Notes

Nicolas Deslauriers beats up David Savard at 1:22 of 2nd period

Finance

Level 1 -- Attendance: 5065 (84.42%) -- Ticket Income $445,720
Level 2 -- Attendance: 2866 (57.32%) -- Ticket Income $194,888
Level 3 -- Attendance: 1383 (69.15%) -- Ticket Income $48,405
Level 4 -- Attendance: 2481 (62.03%) -- Ticket Income $62,025
Luxury Box -- Attendance: 673 (67.30%) -- Ticket Income $134,600
Game was played at the HP Pavilion.
Total Attendance: 12468 (69.27%)
Total Ticket Income: $885,638
Other Income: $433,963
Total Income: $1,319,601

Flames

5 vs 5 Forward 
   Center                   Left Wing                Right Wing               Time % Phy DF OF 
 1 Henrik Sedin             Jaden Schwartz           Martin St. Louis         30     0   1  4  
 2 Sean Monahan             Johnny Gaudreau          Jason Pominville         25     0   1  4  
 3 Jason Spezza             Chris Kunitz             Erik Cole                25     1   1  3  
 4 Patrik Elias             Shane Doan               Michael Frolik           20     1   1  3  

5 vs 5 Defense 
   Defense                  Defense                                           Time % Phy DF OF 
 1 TJ Brodie                John Klingberg                                    35     1   2  2  
 2 Dougie Hamilton          David Savard                                      30     1   2  2  
 3 Brian Campbell           Kris Russell                                      25     1   2  2  
 4 TJ Brodie                Dougie Hamilton                                   10     1   2  2  

PowerPlay Forward 
   Center                   Left Wing                Right Wing               Time % Phy DF OF 
 1 Jason Spezza             Jaden Schwartz           Jason Pominville         50     0   0  5  
 2 Sean Monahan             Johnny Gaudreau          Martin St. Louis         50     0   0  5  

PowerPlay Defense
   Defense                  Defense                                           Time % Phy DF OF 
 1 Brian Campbell           Dougie Hamilton                                   50     0   1  4  
 2 TJ Brodie                John Klingberg                                    50     0   1  4  

Penalty Kill 4 Players Forward 
   Center                   Wing                     Time % Phy DF OF 
 1 Patrik Elias             Michael Frolik           50     0   5  0  
 2 Henrik Sedin             Shane Doan               50     0   5  0  

Penalty Kill 4 Players Defense
   Defense                  Defense                  Time % Phy DF OF 
 1 TJ Brodie                David Savard             50     0   5  0  
 2 Kris Russell             Brian Campbell           50     0   5  0  

Penalty Kill - 3 Players Forward 
   Forward                                           Time % Phy DF OF 
 1 Henrik Sedin                                      55     0   5  0  
 2 Patrik Elias                                      45     0   5  0  

Penalty Kill - 3 Players Defense
   Defense                  Defense                  Time % Phy DF OF 
 1 TJ Brodie                Brian Campbell           50     0   5  0  
 2 Kris Russell             David Savard             50     0   5  0  

4 vs 4 Forward 
   Center                   Wing                     Time % Phy DF OF 
 1 Henrik Sedin             Jaden Schwartz           50     0   2  3  
 2 Sean Monahan             Johnny Gaudreau          50     0   2  3  

4 vs 4 Defense
   Defense                  Defense                  Time % Phy DF OF 
 1 TJ Brodie                Dougie Hamilton          50     1   2  2  
 2 Brian Campbell           John Klingberg           50     1   2  2  

Last Minutes Offensive
   Center                   Left Wing                Right Wing               Defense                  Defense                  
   Henrik Sedin             Jaden Schwartz           Johnny Gaudreau          John Klingberg           Dougie Hamilton          

Last Minutes Defensive
   Center                   Left Wing                Right Wing               Defense                  Defense                  
   Patrik Elias             Shane Doan               Michael Frolik           TJ Brodie                David Savard             

Goaltenders
Starting : James Reimer             
Backup : Antti Niemi              

Extra Forwards
Normal : Chris Kunitz, Shane Doan, Erik Cole - PP : Henrik Sedin, Chris Kunitz - PK : Erik Cole
Extra Defensemen
Normal : Kris Russell, TJ Brodie, Brian Campbell - PP : Kris Russell - PK : Dougie Hamilton, Brian Campbell
Penalty Shots
Chris Kunitz, Sean Monahan, Jason Pominville, Jason Spezza, Johnny Gaudreau

Sharks

5 vs 5 Forward 
   Center                   Left Wing                Right Wing               Time % Phy DF OF 
 1 Travis Zajac             Lance Bouma              Brian Gionta             35     1   2  2  
 2 Chris Tierney            Tomas Fleischmann        Nicolas Deslauriers      30     1   2  2  
 3 Andy Andreoff            Ryan Hamilton            Jayson Megna             22     1   2  2  
 4 Michael Latta            Curtis Glencross         Richard Panik            13     1   2  2  

5 vs 5 Defense 
   Defense                  Defense                                           Time % Phy DF OF 
 1 Ian Cole                 Justin Schultz                                    35     1   2  2  
 2 Luca Sbisa               Klas Dahlbeck                                     30     1   2  2  
 3 Jay Harrison             Brendan Smith                                     22     1   2  2  
 4 Ian Cole                 Justin Schultz                                    13     1   2  2  

PowerPlay Forward 
   Center                   Left Wing                Right Wing               Time % Phy DF OF 
 1 Travis Zajac             Lance Bouma              Brian Gionta             60     1   2  2  
 2 Chris Tierney            Tomas Fleischmann        Nicolas Deslauriers      40     1   2  2  

PowerPlay Defense
   Defense                  Defense                                           Time % Phy DF OF 
 1 Ian Cole                 Justin Schultz                                    60     1   2  2  
 2 Luca Sbisa               Klas Dahlbeck                                     40     1   2  2  

Penalty Kill 4 Players Forward 
   Center                   Wing                     Time % Phy DF OF 
 1 Brian Gionta             Travis Zajac             60     1   2  2  
 2 Lance Bouma              Tomas Fleischmann        40     1   2  2  

Penalty Kill 4 Players Defense
   Defense                  Defense                  Time % Phy DF OF 
 1 Jay Harrison             Justin Schultz           60     1   2  2  
 2 Luca Sbisa               Klas Dahlbeck            40     1   2  2  

Penalty Kill - 3 Players Forward 
   Forward                                           Time % Phy DF OF 
 1 Brian Gionta                                      60     1   2  2  
 2 Travis Zajac                                      40     1   2  2  

Penalty Kill - 3 Players Defense
   Defense                  Defense                  Time % Phy DF OF 
 1 Jay Harrison             Brendan Smith            60     1   2  2  
 2 Luca Sbisa               Klas Dahlbeck            40     1   2  2  

4 vs 4 Forward 
   Center                   Wing                     Time % Phy DF OF 
 1 Brian Gionta             Travis Zajac             60     1   2  2  
 2 Lance Bouma              Tomas Fleischmann        40     1   2  2  

4 vs 4 Defense
   Defense                  Defense                  Time % Phy DF OF 
 1 Ian Cole                 Justin Schultz           60     1   2  2  
 2 Luca Sbisa               Klas Dahlbeck            40     1   2  2  

Last Minutes Offensive
   Center                   Left Wing                Right Wing               Defense                  Defense                  
   Travis Zajac             Lance Bouma              Brian Gionta             Brendan Smith            Justin Schultz           

Last Minutes Defensive
   Center                   Left Wing                Right Wing               Defense                  Defense                  
   Travis Zajac             Lance Bouma              Brian Gionta             Brendan Smith            Justin Schultz           

Goaltenders
Starting : Calvin Pickard           
Backup : Kari Lehtonen            

Extra Forwards
Normal : Andy Andreoff, Jayson Megna, Michael Latta - PP : Travis Zajac, Jayson Megna - PK : Michael Latta
Extra Defensemen
Normal : Jay Harrison, Brendan Smith, Ian Cole - PP : Jay Harrison - PK : Brendan Smith, Ian Cole
Penalty Shots
Brian Gionta, Travis Zajac, Lance Bouma, Chris Tierney, Tomas Fleischmann

% Time on Ice - Flames

Lines # - Real PCT - Wanted PCT - Time Play
Normal Forward
1 - 26% - 30% - 11:01
2 - 28% - 25% - 11:42
3 - 24% - 25% - 10:03
4 - 22% - 20% - 9:23
Normal Defense
1 - 41% - 35% - 17:17
2 - 33% - 30% - 13:44
3 - 24% - 25% - 10:00
4 - 3% - 10% - 1:08
PP Forward
1 - 50% - 50% - 4:59
2 - 50% - 50% - 4:56
PP Defense
1 - 51% - 50% - 5:02
2 - 49% - 50% - 4:53
PK Forward
1 - 47% - 50% - 3:45
2 - 53% - 50% - 4:11
PK Defense
1 - 59% - 50% - 4:43
2 - 41% - 50% - 3:13
PK3 Forward
1 - 0% - 55%
2 - 0% - 45%
PK3 Defense
1 - 0% - 50%
2 - 0% - 50%
44 Forward
1 - 0% - 50%
2 - 0% - 50%
44 Defense
1 - 0% - 50%
2 - 0% - 50%
Last Minute Offensive  - 0:00
Last Minute Defensive  - 0:00
Total
Forward - 60:00
Defense - 60:00

% Time on Ice - Sharks

Lines # - Real PCT - Wanted PCT - Time Play
Normal Forward
1 - 24% - 35% - 9:57
2 - 27% - 30% - 11:28
3 - 27% - 22% - 11:32
4 - 22% - 13% - 9:12
Normal Defense
1 - 32% - 35% - 13:32
2 - 35% - 30% - 14:33
3 - 30% - 22% - 12:35
4 - 4% - 13% - 1:29
PP Forward
1 - 57% - 60% - 4:32
2 - 43% - 40% - 3:24
PP Defense
1 - 62% - 60% - 4:53
2 - 38% - 40% - 3:03
PK Forward
1 - 79% - 60% - 7:51
2 - 21% - 40% - 2:04
PK Defense
1 - 58% - 60% - 5:47
2 - 42% - 40% - 4:08
PK3 Forward
1 - 0% - 60%
2 - 0% - 40%
PK3 Defense
1 - 0% - 60%
2 - 0% - 40%
44 Forward
1 - 0% - 60%
2 - 0% - 40%
44 Defense
1 - 0% - 60%
2 - 0% - 40%
Last Minute Offensive  - 0:00
Last Minute Defensive  - 0:00
Total
Forward - 60:00
Defense - 60:00

Play by Play

1st period


0:01 of 1st period - Henrik Sedin wins face-off versus Travis Zajac in neutral zone.
0:04 of 1st period - Snap shot by Martin St. Louis.
0:04 of 1st period - Stopped by Calvin Pickard without a rebound.
0:05 of 1st period - Henrik Sedin wins face-off versus Travis Zajac in Sharks zone.
0:39 of 1st period - Slapshot by Justin Schultz.
0:39 of 1st period - Shot Misses the Net.
0:41 of 1st period - Wrist shot by Lance Bouma.
0:41 of 1st period - Stopped by James Reimer with a rebound.
1:01 of 1st period - Johnny Gaudreau is hit by Nicolas Deslauriers and loses puck.
1:49 of 1st period - Wrist shot by Ryan Hamilton.
1:49 of 1st period - Stopped by James Reimer with a rebound.
1:52 of 1st period - Icing by John Klingberg.
1:53 of 1st period - Michael Latta wins face-off versus Sean Monahan in Flames zone.
3:10 of 1st period - Lance Bouma is hit by Shane Doan and loses puck.
3:15 of 1st period - Snap shot by Patrik Elias.
3:15 of 1st period - Shot Misses the Net.
3:17 of 1st period - Wrist shot by Shane Doan.
3:17 of 1st period - Stopped by Calvin Pickard without a rebound.
3:18 of 1st period - Chris Tierney wins face-off versus Martin St. Louis in Sharks zone.
3:29 of 1st period - Wrist shot by Tomas Fleischmann.
3:29 of 1st period - Stopped by James Reimer without a rebound.
3:30 of 1st period - Henrik Sedin wins face-off versus Chris Tierney in Flames zone.
3:49 of 1st period - Slapshot by Tomas Fleischmann.
3:49 of 1st period - Stopped by James Reimer with a rebound.
4:28 of 1st period - Slapshot by Justin Schultz.
4:28 of 1st period - Deflect By Michael Frolik.
4:28 of 1st period - Stopped by James Reimer without a rebound.
4:29 of 1st period - Patrik Elias wins face-off versus Andy Andreoff in Flames zone.
4:44 of 1st period - Snap shot by Patrik Elias.
4:44 of 1st period - Shot Misses the Net.
4:46 of 1st period - Snap shot by Michael Frolik.
4:46 of 1st period - Stopped by Calvin Pickard with a rebound.
4:48 of 1st period - Wrist shot by Dougie Hamilton.
4:48 of 1st period - Shot Blocked by Ian Cole.
4:54 of 1st period - Snap shot by Michael Frolik.
4:54 of 1st period - Stopped by Calvin Pickard with a rebound.
4:56 of 1st period - Slapshot by David Savard.
4:56 of 1st period - Stopped by Calvin Pickard with a rebound.
5:06 of 1st period - Snap shot by Jason Spezza.
5:06 of 1st period - Shot Misses the Net.
5:10 of 1st period - Slapshot by Jason Spezza.
5:10 of 1st period - Shot Blocked by Justin Schultz.
5:22 of 1st period - Andy Andreoff is hit by Erik Cole and loses puck.
5:59 of 1st period - Slapshot by Jason Pominville.
5:59 of 1st period - Stopped by Calvin Pickard without a rebound.
6:00 of 1st period - Sean Monahan wins face-off versus Travis Zajac in Sharks zone.
6:11 of 1st period - Wrist shot by Jason Pominville.
6:11 of 1st period - Stopped by Calvin Pickard with a rebound.
6:28 of 1st period - Backhand shot by Travis Zajac.
6:28 of 1st period - Shot Misses the Net.
6:30 of 1st period - Slapshot by Travis Zajac.
6:30 of 1st period - Shot Misses the Net.
6:32 of 1st period - Slapshot by Klas Dahlbeck.
6:32 of 1st period - Stopped by James Reimer without a rebound.
6:33 of 1st period - Chris Tierney wins face-off versus Henrik Sedin in Flames zone.
6:36 of 1st period - Backhand shot by Tomas Fleischmann.
6:36 of 1st period - Shot Blocked by TJ Brodie.
7:07 of 1st period - Off-side.
7:08 of 1st period - Jason Spezza wins face-off versus Michael Latta in neutral zone.
7:23 of 1st period - Snap shot by Erik Cole.
7:23 of 1st period - Shot Blocked by Richard Panik.
7:29 of 1st period - Slapshot by Jason Spezza.
7:29 of 1st period - Stopped by Calvin Pickard with a rebound.
8:03 of 1st period - Erik Cole is hit by Lance Bouma.
8:17 of 1st period - Patrik Elias is hit by Lance Bouma and loses puck.
8:24 of 1st period - Snap shot by Justin Schultz.
8:24 of 1st period - Shot Misses the Net.
9:15 of 1st period - Minor Penalty to Ian Cole for High sticking.
9:16 of 1st period - Sean Monahan wins face-off versus Brian Gionta in Sharks zone.
10:08 of 1st period - TJ Brodie is hit by Travis Zajac and loses puck.
10:38 of 1st period - Snap shot by Tomas Fleischmann.
10:38 of 1st period - Shot Blocked by John Klingberg.
10:40 of 1st period - Backhand shot by Luca Sbisa.
10:40 of 1st period - Shot Blocked by John Klingberg.
10:42 of 1st period - Snap shot by Lance Bouma.
10:42 of 1st period - Shot Misses the Net.
10:44 of 1st period - Slapshot by Klas Dahlbeck.
10:44 of 1st period - Deflect By John Klingberg.
10:44 of 1st period - Stopped by James Reimer with a rebound.
10:54 of 1st period - Wrist shot by Tomas Fleischmann.
10:54 of 1st period - Shot Blocked by John Klingberg.
10:56 of 1st period - Snap shot by Klas Dahlbeck.
10:56 of 1st period - Deflect By Tomas Fleischmann.
10:56 of 1st period - Goal by Tomas Fleischmann - Flames : 0 - Sharks : 1.
10:57 of 1st period - Jason Spezza wins face-off versus Brian Gionta in neutral zone.
11:15 of 1st period - Penalty to Ian Cole is over, Ian Cole is back on ice.
12:26 of 1st period - Brian Campbell is hit by Jayson Megna and loses puck.
13:15 of 1st period - Sean Monahan is hit by Brendan Smith and loses puck.
13:32 of 1st period - Wrist shot by Sean Monahan.
13:32 of 1st period - Stopped by Calvin Pickard with a rebound.
13:36 of 1st period - Wrist shot by Sean Monahan.
13:36 of 1st period - Stopped by Calvin Pickard with a rebound.
13:38 of 1st period - Slapshot by TJ Brodie.
13:38 of 1st period - Shot Misses the Net.
14:18 of 1st period - Wrist shot by Henrik Sedin.
14:18 of 1st period - Stopped by Calvin Pickard without a rebound.
14:19 of 1st period - Jason Spezza wins face-off versus Andy Andreoff in Sharks zone.
14:20 of 1st period - Slapshot by Erik Cole.
14:20 of 1st period - Shot Blocked by Luca Sbisa.
14:22 of 1st period - Minor Penalty to Ryan Hamilton for Holding.
14:23 of 1st period - Sean Monahan wins face-off versus Brian Gionta in Sharks zone.
14:48 of 1st period - Justin Schultz is hit by John Klingberg and loses puck.
15:42 of 1st period - Luca Sbisa is hit by Jason Spezza and loses puck.
16:22 of 1st period - Penalty to Ryan Hamilton is over, Ryan Hamilton is back on ice.
16:41 of 1st period - Slapshot by Justin Schultz.
16:41 of 1st period - Stopped by James Reimer with a rebound.
16:43 of 1st period - Snap shot by Andy Andreoff.
16:43 of 1st period - Shot Misses the Net.
16:45 of 1st period - Slapshot by Ian Cole.
16:45 of 1st period - Shot Misses the Net.
17:15 of 1st period - Richard Panik is hit by Dougie Hamilton and loses puck.
17:32 of 1st period - Wrist shot by Curtis Glencross.
17:32 of 1st period - Deflect By David Savard.
17:32 of 1st period - Stopped by James Reimer with a rebound.
17:36 of 1st period - Snap shot by Richard Panik.
17:36 of 1st period - Stopped by James Reimer with a rebound.
17:54 of 1st period - Backhand shot by Tomas Fleischmann.
17:54 of 1st period - Deflect By Jason Spezza.
17:54 of 1st period - Shot Blocked by David Savard.
17:54 of 1st period - Puck is out of play.
17:55 of 1st period - Chris Tierney wins face-off versus Henrik Sedin in Flames zone.
19:23 of 1st period - Snap shot by Travis Zajac.
19:23 of 1st period - Shot Misses the Net.
19:25 of 1st period - Slapshot by Lance Bouma.
19:25 of 1st period - Shot Blocked by TJ Brodie.
19:27 of 1st period - Snap shot by Brian Gionta.
19:27 of 1st period - Goal by Brian Gionta - Flames : 0 - Sharks : 2.
19:28 of 1st period - Jason Spezza wins face-off versus Michael Latta in neutral zone.
19:56 of 1st period - Snap shot by Erik Cole.
19:56 of 1st period - Stopped by Calvin Pickard with a rebound.
19:58 of 1st period - Slapshot by Kris Russell.
19:58 of 1st period - Deflect By Chris Kunitz.
19:58 of 1st period - Shot Misses the Net.
19:58 of 1st period - Puck is out of play.
19:59 of 1st period - Henrik Sedin wins face-off versus Travis Zajac in Sharks zone.
Goals for this period are 0 for Flames vs 2 for Sharks.
Shots for this period are 12 for Flames vs 12 for Sharks.

2nd period


0:01 of 2nd period - Travis Zajac wins face-off versus Henrik Sedin in neutral zone.
0:32 of 2nd period - Wrist shot by Henrik Sedin.
0:32 of 2nd period - Stopped by Calvin Pickard without a rebound.
0:33 of 2nd period - Sean Monahan wins face-off versus Chris Tierney in Sharks zone.
0:34 of 2nd period - Wrist shot by Jason Pominville.
0:34 of 2nd period - Shot Misses the Net.
0:52 of 2nd period - Wrist shot by Johnny Gaudreau.
0:52 of 2nd period - Shot Misses the Net.
1:09 of 2nd period - Icing by Klas Dahlbeck.
1:10 of 2nd period - Jason Spezza wins face-off versus Chris Tierney in Sharks zone.
1:22 of 2nd period - Nicolas Deslauriers beats up David Savard.
1:22 of 2nd period - Penalty to Nicolas Deslauriers for Fighting.
1:22 of 2nd period - Penalty to David Savard for Fighting.
1:23 of 2nd period - Henrik Sedin wins face-off versus Travis Zajac in Sharks zone.
1:48 of 2nd period - Backhand shot by Travis Zajac.
1:48 of 2nd period - Shot Misses the Net.
1:50 of 2nd period - Slapshot by Justin Schultz.
1:50 of 2nd period - Stopped by James Reimer with a rebound.
1:52 of 2nd period - Snap shot by Travis Zajac.
1:52 of 2nd period - Shot Misses the Net.
2:28 of 2nd period - Wrist shot by Jason Spezza.
2:28 of 2nd period - Shot Hit the Post.
2:50 of 2nd period - Off-side.
2:51 of 2nd period - Sean Monahan wins face-off versus Chris Tierney in neutral zone.
2:59 of 2nd period - Minor Penalty to Michael Latta for High sticking.
3:00 of 2nd period - Sean Monahan wins face-off versus Travis Zajac in Sharks zone.
3:30 of 2nd period - Snap shot by Sean Monahan.
3:30 of 2nd period - Shot Misses the Net.
3:58 of 2nd period - Travis Zajac is hit by Jaden Schwartz and loses puck.
4:51 of 2nd period - Curtis Glencross is hit by Jaden Schwartz and loses puck.
4:59 of 2nd period - Penalty to Michael Latta is over, Michael Latta is back on ice.
5:14 of 2nd period - Patrik Elias is hit by Michael Latta and loses puck.
5:22 of 2nd period - Off-side.
5:23 of 2nd period - Patrik Elias wins face-off versus Andy Andreoff in neutral zone.
5:40 of 2nd period - Wrist shot by Ryan Hamilton.
5:40 of 2nd period - Stopped by James Reimer with a rebound.
5:42 of 2nd period - Slapshot by Klas Dahlbeck.
5:42 of 2nd period - Stopped by James Reimer with a rebound.
5:44 of 2nd period - Slapshot by Ryan Hamilton.
5:44 of 2nd period - Shot Blocked by Brian Campbell.
5:46 of 2nd period - Slapshot by Klas Dahlbeck.
5:46 of 2nd period - Shot Misses the Net.
5:48 of 2nd period - Slapshot by Luca Sbisa.
5:48 of 2nd period - Shot Blocked by Patrik Elias.
5:50 of 2nd period - Slapshot by Klas Dahlbeck.
5:50 of 2nd period - Stopped by James Reimer without a rebound.
5:51 of 2nd period - Jason Spezza wins face-off versus Chris Tierney in Flames zone.
6:02 of 2nd period - Snap shot by Jason Spezza.
6:02 of 2nd period - Deflect By Chris Kunitz.
6:02 of 2nd period - Shot Misses the Net.
6:02 of 2nd period - Puck is out of play.
6:03 of 2nd period - Jason Spezza wins face-off versus Chris Tierney in Sharks zone.
6:17 of 2nd period - Icing by Luca Sbisa.
6:18 of 2nd period - Henrik Sedin wins face-off versus Chris Tierney in Sharks zone.
7:30 of 2nd period - Wrist shot by Travis Zajac.
7:30 of 2nd period - Shot Misses the Net.
7:32 of 2nd period - Snap shot by Lance Bouma.
7:32 of 2nd period - Stopped by James Reimer with a rebound.
7:34 of 2nd period - Slapshot by Lance Bouma.
7:34 of 2nd period - Shot Blocked by TJ Brodie.
7:38 of 2nd period - Wrist shot by Travis Zajac.
7:38 of 2nd period - Deflect By Brian Gionta.
7:38 of 2nd period - Stopped by James Reimer with a rebound.
7:40 of 2nd period - Slapshot by Jay Harrison.
7:40 of 2nd period - Deflect By Travis Zajac.
7:40 of 2nd period - Stopped by James Reimer with a rebound.
7:42 of 2nd period - Slapshot by Brendan Smith.
7:42 of 2nd period - Stopped by James Reimer without a rebound.
7:43 of 2nd period - Chris Kunitz wins face-off versus Michael Latta in Flames zone.
8:03 of 2nd period - Wrist shot by Justin Schultz.
8:03 of 2nd period - Stopped by James Reimer with a rebound.
8:05 of 2nd period - Slapshot by Curtis Glencross.
8:05 of 2nd period - Shot Misses the Net.
8:07 of 2nd period - Slapshot by Curtis Glencross.
8:07 of 2nd period - Shot Blocked by Erik Cole.
8:09 of 2nd period - Snap shot by Richard Panik.
8:09 of 2nd period - Stopped by James Reimer with a rebound.
8:25 of 2nd period - Minor Penalty to Kris Russell for Holding.
8:26 of 2nd period - Patrik Elias wins face-off versus Brian Gionta in Flames zone.
8:41 of 2nd period - Snap shot by Travis Zajac.
8:41 of 2nd period - Stopped by James Reimer without a rebound.
8:42 of 2nd period - Henrik Sedin wins face-off versus Travis Zajac in Flames zone.
8:42 of 2nd period - Henrik Sedin is hit by Lance Bouma.
9:16 of 2nd period - TJ Brodie is hit by Luca Sbisa.
9:32 of 2nd period - Wrist shot by Tomas Fleischmann.
9:32 of 2nd period - Shot Misses the Net.
9:52 of 2nd period - Tomas Fleischmann is hit by Patrik Elias and loses puck.
10:25 of 2nd period - Penalty to Kris Russell is over, Kris Russell is back on ice.
10:51 of 2nd period - Snap shot by Ryan Hamilton.
10:51 of 2nd period - Deflect By Andy Andreoff.
10:51 of 2nd period - Stopped by James Reimer with a rebound.
10:53 of 2nd period - Snap shot by Andy Andreoff.
10:53 of 2nd period - Deflect By Ryan Hamilton.
10:53 of 2nd period - Stopped by James Reimer with a rebound.
11:03 of 2nd period - Snap shot by Andy Andreoff.
11:03 of 2nd period - Stopped by James Reimer with a rebound.
11:44 of 2nd period - Wrist shot by Jason Spezza.
11:44 of 2nd period - Shot Misses the Net.
12:04 of 2nd period - Michael Latta is hit by Sean Monahan and loses puck.
12:17 of 2nd period - Chris Tierney is hit by Jason Pominville and loses puck.
12:38 of 2nd period - Minor Penalty to Nicolas Deslauriers for Hooking.
12:39 of 2nd period - Jason Spezza wins face-off versus Brian Gionta in Sharks zone.
13:00 of 2nd period - Snap shot by Jason Pominville.
13:00 of 2nd period - Deflect By Jaden Schwartz.
13:00 of 2nd period - Stopped by Calvin Pickard with a rebound.
13:56 of 2nd period - Brian Gionta is hit by Jason Pominville and loses puck.
14:38 of 2nd period - Penalty to Nicolas Deslauriers is over, Nicolas Deslauriers is back on ice.
14:43 of 2nd period - Snap shot by Martin St. Louis.
14:43 of 2nd period - Shot Hit the Post.
14:45 of 2nd period - Backhand shot by Martin St. Louis.
14:45 of 2nd period - Shot Blocked by Justin Schultz.
14:47 of 2nd period - Slapshot by TJ Brodie.
14:47 of 2nd period - Deflect By Travis Zajac.
14:47 of 2nd period - Stopped by Calvin Pickard without a rebound.
14:48 of 2nd period - Andy Andreoff wins face-off versus Sean Monahan in Sharks zone.
15:36 of 2nd period - Luca Sbisa is hit by Shane Doan and loses puck.
15:48 of 2nd period - Icing by Kris Russell.
15:49 of 2nd period - Chris Tierney wins face-off versus Patrik Elias in Flames zone.
16:06 of 2nd period - Tomas Fleischmann is hit by Erik Cole and loses puck.
16:38 of 2nd period - Slapshot by Curtis Glencross.
16:38 of 2nd period - Stopped by James Reimer with a rebound.
17:52 of 2nd period - Minor Penalty to David Savard for Interference.
17:53 of 2nd period - Henrik Sedin wins face-off versus Nicolas Deslauriers in Flames zone.
18:40 of 2nd period - Justin Schultz is hit by Brian Campbell and loses puck.
19:06 of 2nd period - Travis Zajac is hit by Brian Campbell.
19:52 of 2nd period - Penalty to David Savard is over, David Savard is back on ice.
Goals for this period are 0 for Flames vs 0 for Sharks.
Shots for this period are 3 for Flames vs 15 for Sharks.

3rd period


0:01 of 3rd period - Travis Zajac wins face-off versus Henrik Sedin in neutral zone.
0:06 of 3rd period - Snap shot by Lance Bouma.
0:06 of 3rd period - Stopped by James Reimer without a rebound.
0:07 of 3rd period - Travis Zajac wins face-off versus Henrik Sedin in Flames zone.
0:28 of 3rd period - Wrist shot by Henrik Sedin.
0:28 of 3rd period - Shot Blocked by Travis Zajac.
0:30 of 3rd period - Slapshot by John Klingberg.
0:30 of 3rd period - Shot Blocked by Justin Schultz.
0:51 of 3rd period - Minor Penalty to Brian Gionta for Cross-checking.
0:52 of 3rd period - Michael Latta wins face-off versus Jason Spezza in Sharks zone.
1:01 of 3rd period - Jay Harrison is hit by Dougie Hamilton and loses puck.
1:08 of 3rd period - Wrist shot by Jason Spezza.
1:08 of 3rd period - Shot Misses the Net.
1:10 of 3rd period - Slapshot by Dougie Hamilton.
1:10 of 3rd period - Stopped by Calvin Pickard with a rebound.
1:12 of 3rd period - Backhand shot by Jaden Schwartz.
1:12 of 3rd period - Stopped by Calvin Pickard without a rebound.
1:13 of 3rd period - Sean Monahan wins face-off versus Travis Zajac in Sharks zone.
1:44 of 3rd period - Wrist shot by Sean Monahan.
1:44 of 3rd period - Stopped by Calvin Pickard with a rebound.
1:46 of 3rd period - Snap shot by TJ Brodie.
1:46 of 3rd period - Stopped by Calvin Pickard with a rebound.
1:48 of 3rd period - Slapshot by TJ Brodie.
1:48 of 3rd period - Deflect By Sean Monahan.
1:48 of 3rd period - Shot Misses the Net.
1:48 of 3rd period - Puck is out of play.
1:49 of 3rd period - Jason Spezza wins face-off versus Michael Latta in Sharks zone.
2:06 of 3rd period - Snap shot by Travis Zajac.
2:06 of 3rd period - Shot Blocked by Brian Campbell.
2:09 of 3rd period - Icing by Jaden Schwartz.
2:10 of 3rd period - Jason Spezza wins face-off versus Michael Latta in Flames zone.
2:51 of 3rd period - Penalty to Brian Gionta is over, Brian Gionta is back on ice.
2:52 of 3rd period - Wrist shot by Johnny Gaudreau.
2:52 of 3rd period - Deflect By Justin Schultz.
2:52 of 3rd period - Shot Blocked by Jay Harrison.
2:52 of 3rd period - Puck is out of play.
2:53 of 3rd period - Sean Monahan wins face-off versus Andy Andreoff in Sharks zone.
2:56 of 3rd period - Slapshot by Johnny Gaudreau.
2:56 of 3rd period - Stopped by Calvin Pickard with a rebound.
3:03 of 3rd period - Off-side.
3:04 of 3rd period - Patrik Elias wins face-off versus Andy Andreoff in neutral zone.
3:11 of 3rd period - Wrist shot by Michael Frolik.
3:11 of 3rd period - Shot Blocked by Klas Dahlbeck.
3:21 of 3rd period - Snap shot by Andy Andreoff.
3:21 of 3rd period - Shot Blocked by TJ Brodie.
3:31 of 3rd period - Snap shot by Jayson Megna.
3:31 of 3rd period - Deflect By Andy Andreoff.
3:31 of 3rd period - Shot Blocked by TJ Brodie.
3:31 of 3rd period - Puck is out of play.
3:32 of 3rd period - Chris Tierney wins face-off versus Jason Spezza in Flames zone.
3:39 of 3rd period - Wrist shot by Erik Cole.
3:39 of 3rd period - Shot Blocked by Ian Cole.
3:49 of 3rd period - Wrist shot by Tomas Fleischmann.
3:49 of 3rd period - Shot Misses the Net.
4:03 of 3rd period - Slapshot by Justin Schultz.
4:03 of 3rd period - Stopped by James Reimer with a rebound.
4:28 of 3rd period - Travis Zajac is hit by David Savard and loses puck.
5:12 of 3rd period - Off-side.
5:13 of 3rd period - Sean Monahan wins face-off versus Jayson Megna in neutral zone.
6:49 of 3rd period - Snap shot by Tomas Fleischmann.
6:49 of 3rd period - Stopped by James Reimer without a rebound.
6:50 of 3rd period - Chris Tierney wins face-off versus Martin St. Louis in Flames zone.
7:19 of 3rd period - Wrist shot by Martin St. Louis.
7:19 of 3rd period - Shot Misses the Net.
7:21 of 3rd period - Snap shot by Henrik Sedin.
7:21 of 3rd period - Stopped by Calvin Pickard with a rebound.
7:23 of 3rd period - Wrist shot by Jaden Schwartz.
7:23 of 3rd period - Stopped by Calvin Pickard without a rebound.
7:24 of 3rd period - Jason Spezza wins face-off versus Travis Zajac in Sharks zone.
7:48 of 3rd period - Slapshot by Travis Zajac.
7:48 of 3rd period - Stopped by James Reimer with a rebound.
7:50 of 3rd period - Slapshot by Luca Sbisa.
7:50 of 3rd period - Shot Misses the Net.
7:54 of 3rd period - Snap shot by Travis Zajac.
7:54 of 3rd period - Stopped by James Reimer without a rebound.
7:55 of 3rd period - Sean Monahan wins face-off versus Ryan Hamilton in Flames zone.
7:55 of 3rd period - Sean Monahan is hit by Ian Cole.
7:58 of 3rd period - Minor Penalty to David Savard for Goalie Interference.
7:59 of 3rd period - Patrik Elias wins face-off versus Travis Zajac in Flames zone.
9:03 of 3rd period - Snap shot by Shane Doan.
9:03 of 3rd period - Shot Misses the Net.
9:34 of 3rd period - Snap shot by Travis Zajac.
9:34 of 3rd period - Stopped by James Reimer with a rebound.
9:36 of 3rd period - Slapshot by Klas Dahlbeck.
9:36 of 3rd period - Stopped by James Reimer with a rebound.
9:38 of 3rd period - Slapshot by Klas Dahlbeck.
9:38 of 3rd period - Shot Misses the Net.
9:58 of 3rd period - Penalty to David Savard is over, David Savard is back on ice.
10:16 of 3rd period - Chris Kunitz is hit by Luca Sbisa and loses puck.
10:21 of 3rd period - Snap shot by Andy Andreoff.
10:21 of 3rd period - Shot Misses the Net.
11:52 of 3rd period - Wrist shot by Martin St. Louis.
11:52 of 3rd period - Shot Blocked by Curtis Glencross.
11:54 of 3rd period - Slapshot by David Savard.
11:54 of 3rd period - Shot Blocked by Jay Harrison.
11:56 of 3rd period - Slapshot by David Savard.
11:56 of 3rd period - Stopped by Calvin Pickard with a rebound.
12:16 of 3rd period - Ian Cole is hit by Shane Doan.
12:38 of 3rd period - Wrist shot by Lance Bouma.
12:38 of 3rd period - Shot Misses the Net.
13:04 of 3rd period - Wrist shot by Justin Schultz.
13:04 of 3rd period - Shot Misses the Net.
13:06 of 3rd period - Backhand shot by Jayson Megna.
13:06 of 3rd period - Shot Blocked by TJ Brodie.
14:32 of 3rd period - Ryan Hamilton is hit by Kris Russell and loses puck.
14:59 of 3rd period - TJ Brodie is hit by Lance Bouma and loses puck.
15:27 of 3rd period - Slapshot by Tomas Fleischmann.
15:27 of 3rd period - Stopped by James Reimer with a rebound.
15:37 of 3rd period - Minor Penalty to Shane Doan for Roughing.
15:38 of 3rd period - Travis Zajac wins face-off versus Patrik Elias in Flames zone.
17:19 of 3rd period - Travis Zajac is hit by Erik Cole and loses puck.
17:37 of 3rd period - Penalty to Shane Doan is over, Shane Doan is back on ice.
17:45 of 3rd period - Ryan Hamilton is hit by Shane Doan and loses puck.
17:52 of 3rd period - Slapshot by Jay Harrison.
17:52 of 3rd period - Shot Misses the Net.
18:00 of 3rd period - Snap shot by Jayson Megna.
18:00 of 3rd period - Stopped by James Reimer with a rebound.
18:52 of 3rd period - Dougie Hamilton is hit by Richard Panik and loses puck.
19:30 of 3rd period - Brian Campbell is hit by Ryan Hamilton and loses puck.
19:53 of 3rd period - Slapshot by Curtis Glencross.
19:53 of 3rd period - Shot Blocked by John Klingberg.
19:55 of 3rd period - Snap shot by Michael Latta.
19:55 of 3rd period - Shot Blocked by John Klingberg.
Goals for this period are 0 for Flames vs 0 for Sharks.
Shots for this period are 8 for Flames vs 9 for Sharks.